 Dungeon Crawl Stone Soup version 0.21.1-1-g345015fe64 (webtiles) character file.

3828 Gargoyl the Covered (level 9, 0/75 HPs)
             Began as a Centaur Abyssal Knight on June 20, 2018.
             Was an Elder of Lugonu.
             Slain by Grum
             ... wielding a +0 spear
              (5 damage)
             ... on level 8 of the Dungeon.
             The game lasted 00:18:38 (8383 turns).

Gargoyl the Covered (Centaur Abyssal Knight)        Turns: 8383, Time: 00:18:39

Health: 0/75       AC: 14    Str: 17    XL:     9   Next: 97%
Magic:  13/13      EV:  6    Int: 11    God:    Lugonu [****..]
Gold:   39         SH:  0    Dex: 10    Spells: 8/8 levels left

rFire    + . .     SeeInvis .   h - +5 scythe "Faamafe" {vamp, rElec rF+}
rCold    . . .     Gourm    .   (shield currently unavailable)
rNeg     . . .     Faith    .   d - +1 chain mail
rPois    +         Spirit   .   l - +0 helmet
rElec    +         Reflect  .   (no cloak)
rCorr    .         Harm     .   (no gloves)
MR       .....                  (no barding)
Stlth    ..........             r - amulet of regeneration
HPRegen  0.62/turn              o - +3 ring of protection
MPRegen  0.13/turn              q - ring of poison resistance

@: very quick
A: large, hooves 3, deformed body, speed 2, tough skin 3
a: Depart the Abyss, Bend Space, Banish, Corrupt, Renounce Religion


You were on level 8 of the Dungeon.
You worshipped Lugonu.
Lugonu was greatly pleased with you.
You were not hungry.

You visited 1 branch of the dungeon, and saw 9 of its levels.
You visited the Abyss 1 time.

You collected 429 gold pieces.
You spent 390 gold pieces at shops.

Inventory:

Hand Weapons
 a - a +3 hand axe
 h - the +5 scythe "Faamafe" (weapon) {vamp, rElec rF+}
   (You found it on level 9 of the Dungeon)

   It inflicts no extra harm, but heals its wielder when it wounds a living foe.
   It protects you from fire.
   It insulates you from electricity.
 i - the +2 fustibalus of Ru {velocity, rC+ rN+++}
   (You found it on level 6 of the Dungeon)

   Any stone fired from it inflicts extra damage.
   It protects you from cold.
   It renders you almost immune to negative energy.
 t - a +0 war axe of freezing
Missiles
 p - 130 stones (quivered)
Armour
 d - a +1 chain mail (worn)
 l - a +0 helmet (worn)
 n - a +0 buckler
Jewellery
 o - a +3 ring of protection (left hand)
 q - a ring of poison resistance (right hand)
 r - an amulet of regeneration (around neck)
Wands
 b - a wand of acid (8)
 s - a wand of random effects (32)
Scrolls
 e - 3 scrolls of amnesia
 g - 5 scrolls of teleportation
 k - 4 scrolls of identify
 m - a scroll of magic mapping
 u - a scroll of blinking
Potions
 f - a potion of haste
 j - 2 potions of curing
 v - 2 potions of brilliance
 w - a potion of might
Comestibles
 c - 11 rations
 x - 3 chunks of flesh


   Skills:
 + Level 5.9 Fighting
 + Level 5.6(6.3) Axes
   Level 1.7(4.0) Maces & Flails
 + Level 3.6(5.1) Polearms
 + Level 2.8 Slings
 * Level 6.7 Armour
 + Level 2.0 Dodging
 + Level 0.4 Shields
 * Level 6.3 Invocations


You had 8 spell levels left.
You didn't know any spells.

Dungeon Overview and Level Annotations

Branches:
Dungeon (9/15)             Temple (0/1) D:4
   Lair: D:8-11         Orc: D:9-12

Altars:
Cheibriados
Fedhas
Hepliaklqana
Makhleb
Qazlal
Sif Muna
Trog
Wu Jian
Yredelemnul
The Shining One

Shops:
D:5 ?=}(}   D:7 =

Annotations:
D:8 Grum


Innate Abilities, Weirdness & Mutations

You have hooves in place of feet.
Armour fits poorly on your strangely shaped body.
You cover ground very quickly.
You have extremely tough skin. (AC +3)


Message History

You closely miss the wolf.
The wolf is severely wounded.
The wolf bites you but does no damage. Grum hits you but does no damage.
The wolf bites you!
* * * LOW HITPOINT WARNING * * *
Grum closely misses you. The wolf bites you but does no damage.
You slice the wolf!!
You feel better.
You kill the wolf!
Lugonu accepts your kill. Grum hits you from afar with a spear!
* * * LOW HITPOINT WARNING * * *
Grum hits you but does no damage.
Unknown command.
Attack whom?
Press: ? - help, Dir - move target cursor, f - Grum
Aim: Grum, wielding a spear and wearing an animal skin You reach to attack!
You slash Grum!
Grum is moderately wounded.
Grum hits you from afar with a spear.
You die...

#.# ## #.. .# ##... ..#
..... ..# ....... ... #.
#.......###.#.##...
#.................#
#.......#.###....#
.......#@†gl....#
......#.##.....# #
#..#<..# ....... ...
#..##..# .....##
#..###......# .....#
###..........##.....#
####.................>..#
.....#######..##.##.....#
#### #..##.# ...


You could see Grum and an iguana.

Vanquished Creatures
  A hungry ghost (D:9)
  An ice beast (D:9)
  2 sky beasts
  A hornet zombie (D:9)
  2 black bears
  3 ogres
  3 wolves (D:8)
  A big kobold (D:7)
  2 bullfrogs
  A water moccasin skeleton (D:7)
  6 wights
  6 howler monkeys
  3 bullfrog zombies
  A centaur zombie (D:5)
  A crimson imp (D:7)
  5 hounds
  2 jellies
  7 orc priests
  6 orc wizards
  2 iguanas
  4 worker ants
  7 adders
  2 shadow imps (D:6)
  An ooze (D:1)
  4 adder skeletons
  2 worms
  3 dart slugs
  5 leopard geckos
  27 orcs
  A ball python (D:1)
  6 giant cockroaches
  10 goblins
  7 hobgoblins
  12 jackals
  13 kobolds
  5 quokkas
  6 bats
  2 frilled lizards
  A jackal zombie (D:6)
  A leopard gecko skeleton (D:7)
  A quokka skeleton (D:7)
  A quokka zombie (D:7)
  9 rats
186 creatures vanquished.

Vanquished Creatures (others)
  A two-headed ogre (D:8)
  The ghost of BakaTenshi the Cleaver, a novice DDFi (D:6)
  An orc wizard (D:6)
3 creatures vanquished.

Grand Total: 189 creatures vanquished

Notes
Turn   | Place    | Note
-------+----------+-------------------------------------------
     0 | Abyss:1  | Gargoyl the Centaur Abyssal Knight began the quest for the Orb.
     0 | Abyss:1  | Reached XP level 1. HP: 19/19 MP: 2/2
     5 | Abyss:2  | Found a corrupted altar of Lugonu.
    33 | Abyss:2  | Found a corrupted altar of Lugonu.
    68 | Abyss:2  | Noticed a large abomination
    72 | Abyss:3  | Found a corrupted altar of Lugonu.
   120 | Abyss:3  | Found a corrupted altar of Lugonu.
   136 | Abyss:3  | Noticed a guardian serpent
   144 | D:1      | Escaped the Abyss
   219 | D:1      | Reached XP level 2. HP: 26/26 MP: 3/3
   379 | D:1      | Reached * piety under Lugonu
   712 | D:1      | Reached XP level 3. HP: 30/31 MP: 4/4
  1436 | D:2      | Found a snail-covered altar of Cheibriados.
  1648 | D:2      | Reached XP level 4. HP: 20/40 MP: 6/6
  1944 | D:3      | Reached ** piety under Lugonu
  2202 | D:3      | Found a basalt altar of Yredelemnul.
  2209 | D:3      | Found a burning altar of Makhleb.
  2214 | D:3      | Found a glowing golden altar of the Shining One.
  2221 | D:3      | Found a blossoming altar of Fedhas.
  2231 | D:3      | Found a bloodstained altar of Trog.
  2241 | D:3      | Found a stormy altar of Qazlal.
  2246 | D:3      | Found a deep blue altar of Sif Muna.
  2541 | D:4      | Found a staircase to the Ecumenical Temple.
  2599 | D:4      | Reached skill level 1 in Dodging
  2622 | D:4      | Got a smoking turquoise ring
  2623 | D:4      | Identified the ring "Zaamac" {-Tele rPois rC+++ Str+4 Dex-4} (You found it on level 4 of the Dungeon)
  2650 | D:4      | Noticed an ogre
  2657 | D:4      | Killed an ogre
  2657 | D:4      | Reached XP level 5. HP: 29/46 MP: 7/7
  2900 | D:4      | Reached XP level 6. HP: 42/52 MP: 8/8
  3382 | D:5      | Entered Level 5 of the Dungeon
  3457 | D:5      | Noticed a sky beast
  3493 | D:5      | Killed a sky beast
  3493 | D:5      | Reached skill level 1 in Maces & Flails
  3493 | D:5      | Reached XP level 7. HP: 23/60 MP: 9/9
  3722 | D:5      | Found Wico's Magic Scroll Shop.
  3848 | D:5      | Found Ecwoebuw's Gadget Boutique.
  3938 | D:5      | Found Lunurghi's Jewellery Shoppe.
  4103 | D:5      | Reached *** piety under Lugonu
  4162 | D:5      | Found Atzan's Antique Weapon Shoppe.
  4168 | D:5      | Bought a glowing war axe for 130 gold pieces
  4195 | D:5      | Found Hutiunats's Gadget Shoppe.
  4328 | D:6      | Got a crystal fustibalus
  4462 | D:4      | Identified the +2 fustibalus of Ru {velocity, rC+ rN+++} (You found it on level 6 of the Dungeon)
  4604 | D:6      | Noticed BakaTenshi's ghost (novice DDFi)
  4811 | D:5      | HP: 3/60 [orc priest/divine providence (17)]
  5020 | D:6      | Banished BakaTenshi's ghost
  5020 | D:6      | Reached XP level 8. HP: 14/67 MP: 9/11
  5478 | D:6      | Reached skill level 5 in Armour
  5492 | D:6      | Reached skill level 5 in Fighting
  5681 | D:6      | You fall through a shaft for 3 floors!
  5895 | D:9      | Found a hazy altar of Hepliaklqana.
  6259 | D:8      | Noticed Grum
  6308 | D:9      | Reached skill level 5 in Invocations
  6313 | D:9      | Reached XP level 9. HP: 31/74 MP: 12/12
  6318 | D:9      | Reached skill level 5 in Axes
  6453 | D:9      | Got a dazzling scythe
  6462 | D:9      | Identified the +5 scythe "Faamafe" {vamp, rElec rF+} (You found it on level 9 of the Dungeon)
  6760 | D:8      | Reached **** piety under Lugonu
  6900 | D:8      | Noticed a two-headed ogre
  6917 | D:7      | Reached skill level 1 in Polearms
  7104 | D:7      | Found Teduaxio's Jewellery Shop.
  7377 | D:7      | Bought an uncursed ring of poison resistance for 260 gold pieces
  7549 | D:7      | Found a blossoming altar of Fedhas.
  7660 | D:7      | Found an ornate altar of the Wu Jian Council.
  8049 | D:8      | HP: 3/74 [two-headed ogre/giant spiked club (18)]
  8054 | D:8      | Banished a two-headed ogre
  8383 | D:8      | Slain by Grum

Skill      XL: |  1  2  3  4  5  6  7  8  9 |
---------------+----------------------------+-----
Armour         | 2 3 4 5 6 |  6.7
Axes           | 2 3 4 5 |  5.6
Dodging        | 1 2 |  2.0
Invocations    | 3 4 5 6 |  6.3
Fighting       | 4 5 |  5.9
Maces & Flails | 1 |  1.7
Slings         | 2 |  2.8
Polearms       | 3 |  3.6
Shields        | |  0.4

Action                   |  1- 3 |  4- 6 |  7- 9 || total
-------------------------+-------+-------+-------++-------
Melee: Hand axe          |   111 |    35 |       ||   146
       Kick              |    16 |    27 |    81 ||   124
       Whip              |       |    99 |    36 ||   135
       War axe           |       |       |   195 ||   195
       Scythe            |       |       |   146 ||   146
 Fire: Fustibalus        |       |       |    47 ||    47
Throw: Stone             |       |       |     2 ||     2
Invok: Depart the Abyss  |     1 |       |       ||     1
       Banish            |       |       |     2 ||     2
Evoke: Wand              |       |     1 |       ||     1
  Use: Scroll            |     2 |     9 |     8 ||    19
       Potion            |       |     1 |     5 ||     6
  Eat: Chunk             |     1 |     5 |     9 ||    15
       Ration            |       |       |     7 ||     7
Armor: Chain mail        |    84 |   104 |   437 ||   625
       Skin              |       |     8 |    15 ||    23
Dodge: Dodged            |    33 |    39 |   147 ||   219
Block: Buckler           |       |       |    38 ||    38
